[Event "Titled Tuesday Blitz February 21 Late 2023"]
[White "Oganian, Miran"]
[Black "Goncalves, Davi Sulzbacher"]
[WhiteFideId "4122488"]
[BlackFideId "2154510"]
[WhiteElo "2439"]
[BlackElo "2282"]
[Result "1-0"]
[Round "01"]
[TimeControl "180+2"]
[Date "2023.02.21"]
[WhiteClock "0:00:07"]
[BlackClock "0:00:01"]

1. e4 c5 2. Nf3 Nc6 3. c3 Nf6 4. e5 Nd5 5. d4 cxd4 6. cxd4 d6 7. Bc4 Nb6 8. Bb3 e6 9. Nc3 dxe5 10. O-O exd4 11. Ne4 Be7 12. Qe2 O-O 13. Rd1 e5 14. h3 Nd5 15. Ng3 Bf6 16. Nh5 Be6 17. Bc2 g6 18. Nxf6+ Qxf6 19. Re1 Nf4 20. Bxf4 exf4 21. Rad1 Rad8 22. Nd2 d3 23. Bxd3 Qxb2 24. Qf3 Ne5 25. Rxe5 Qxe5 26. Be4 b5 27. Bc6 b4 28. Kf1 Rd6 29. Re1 Qc5 30. Ne4 Qxc6 31. Qxf4 Qc4+ 32. Kg1 Rd4 33. Nf6+ Kg7 34. Nh5+ Kg8 35. Nf6+ Kg7 36. Nh5+ Kg8 37. Qf6 gxh5 38. Re3 Qc1+ 39. Kh2 Qxe3 40. fxe3 Rd5 41. e4 Ra5 42. e5 Rc8 43. Qg5+ Kf8 44. Qxh5 Ke8 45. Qxh7 Rcc5 46. Qh8+ Kd7 47. Qb8 Rxe5 48. Qxb4 Red5 49. h4 Rdb5 50. Qd4+ Rd5 51. Qb4 Ke8 52. a4 f5 53. Qb8+ Kf7 54. Qh8 f4 55. Qh7+ Ke8 56. Qh6 Bf7 57. Qxf4 Ra6 58. Qb8+ Rd8 59. Qe5+ Kf8 60. Qb5 Rb6 61. Qg5 Re6 62. Qxd8+ 1-0


[Site "https://www.chess.com"]

[Event "Titled Tuesday Blitz February 21 Late 2023"]
[White "Leve, Nitai"]
[Black "Tristan, Leonardo"]
[WhiteFideId "2006898"]
[BlackFideId "113816"]
[WhiteElo "2128"]
[BlackElo "2545"]
[Result "0-1"]
[Round "01"]
[TimeControl "180+2"]
[Date "2023.02.21"]
[WhiteClock "0:00:08"]
[BlackClock "0:01:59"]

1. e4 d5 2. exd5 Qxd5 3. Nc3 Qa5 4. h3 Nf6 5. d4 Bf5 6. Bd3 Nbd7 7. Nf3 e6 8. O-O Bd6 9. Nb5 Bxd3 10. Qxd3 O-O 11. c4 a6 12. Bd2 Bb4 13. Nc3 c6 14. a3 Bxc3 15. Bxc3 Qa4 16. Bb4 Rfd8 17. b3 Nc5 18. Bxc5 Qa5 19. Be7 Rd7 20. Bxf6 gxf6 21. Qe3 Qh5 22. Rfd1 Rad8 23. Rd3 Kh8 24. Qf4 Qg6 25. Rad1 Rg8 26. Nh4 Qg7 27. Rg3 e5 28. Rxg7 exf4 29. Rxg8+ Kxg8 30. d5 c5 31. Nf5 h5 32. Re1 Kh7 33. Re7 Rd8 34. Rxf7+ Kg6 35. Rxb7 Kxf5 36. Rb6 a5 37. Rb5 Ke4 38. Rxc5 Rg8 39. Rxa5 f3 40. g3 h4 41. c5 hxg3 42. fxg3 Ke3 43. g4 Ke2 0-1


[Site "https://www.chess.com"]

[Event "Titled Tuesday Blitz February 21 Late 2023"]
[White "Hambleton, Aman"]
[Black "Ansh M Shah"]
[WhiteFideId "2606577"]
[BlackFideId "25033379"]
[WhiteElo "2420"]
[BlackElo "2171"]
[Result "1-0"]
[Round "01"]
[TimeControl "180+2"]
[Date "2023.02.21"]
[WhiteClock "0:00:16"]
[BlackClock "0:00:14"]

1. d4 Nf6 2. c4 e6 3. Nc3 d5 4. cxd5 exd5 5. Bg5 Be7 6. e3 O-O 7. Bd3 c6 8. Nge2 Nbd7 9. Qc2 h6 10. Bh4 Re8 11. O-O Ne4 12. Bxe7 Qxe7 13. Rae1 Ndf6 14. f3 Nxc3 15. Nxc3 Be6 16. Qf2 Rad8 17. h3 Qb4 18. Re2 c5 19. a3 Qa5 20. dxc5 Qxc5 21. Rd2 Kh8 22. Nb5 a6 23. Nd4 Qb6 24. Rc1 Rc8 25. Rdc2 Rxc2 26. Rxc2 Rc8 27. Rxc8+ Bxc8 28. Qc2 Be6 29. b4 Ne8 30. Kf2 Qc7 31. Qc5 Kg8 32. f4 Qxc5 33. bxc5 Bd7 34. e4 dxe4 35. Bxe4 Bc8 36. Ke3 Kf8 37. Nb3 Ke7 38. Na5 Kd7 39. Nxb7 Kc7 40. Na5 Nf6 41. Bf3 Nd7 42. Kd4 Nf8 43. g3 Ne6+ 44. Kc4 Nd8 45. h4 f6 46. Kb4 g5 47. hxg5 fxg5 48. fxg5 hxg5 49. Bd5 Be6 50. Be4 Nf7 51. Nc4 Bxc4 52. Kxc4 Ne5+ 53. Kd4 Ng4 54. a4 Nf2 55. Bd3 Nh1 56. g4 Nf2 57. Be2 Nh3 58. Ke5 Nf4 59. Bxa6 Kc6 60. Kf5 Nh3 61. Bb5+ Kxc5 62. Bf1 Nf2 63. Kxg5 Ne4+ 64. Kf4 Nd2 65. Bb5 Nb3 66. g5 Nd4 67. Ke5 Nf3+ 68. Kf6 Nh4 69. g6 Nxg6 70. Kxg6 Kb6 71. Kf5 Ka7 72. Ke4 Kb8 73. Kd3 Ka7 74. Kc3 Kb8 75. Kb4 Ka7 76. Be2 Kb8 77. a5 Ka7 78. Kb5 Kb8 79. a6 Ka7 80. Ka5 Kb8 81. Kb6 Ka8 82. Bf3+ Kb8 83. a7+ Kc8 84. a8=Q+ 1-0


[Site "https://www.chess.com"]

[Event "Titled Tuesday Blitz February 21 Late 2023"]
[White "Kielinkei"]
[Black "Golubka, Petro"]
[BlackFideId "14114224"]
[WhiteElo "2387"]
[BlackElo "2371"]
[Result "0-1"]
[Round "01"]
[TimeControl "180+2"]
[Date "2023.02.21"]
[WhiteClock "0:00:32"]
[BlackClock "0:00:22"]

1. d4 d5 2. c4 c6 3. cxd5 Qxd5 4. Nc3 Qd8 5. e4 Nf6 6. Be3 Ng4 7. Bf4 g6 8. f3 Nf6 9. Qd2 Nbd7 10. Bc4 Nb6 11. Bb3 Bg7 12. Nge2 a5 13. a4 h5 14. O-O h4 15. Rad1 Kf8 16. d5 cxd5 17. exd5 Bd7 18. d6 e6 19. Nd4 Nh5 20. Be3 Rc8 21. Ndb5 Na8 22. Ne4 Be5 23. Nc5 Kg7 24. Nxb7 Qf6 25. Nc5 Rxc5 26. Bxc5 Bxh2+ 27. Kxh2 Qe5+ 28. Kg1 Qxc5+ 29. Qd4+ Qxd4+ 30. Rxd4 Ng3 31. Rc1 Ne2+ 32. Kf2 Nxc1 33. Bc4 Nb6 34. b3 e5 35. Rd1 Nxc4 36. Rxc1 Bxb5 37. bxc4 Bxa4 38. c5 Rc8 39. Ra1 Bb5 40. Rxa5 Rxc5 41. d7 Rc2+ 42. Ke3 Bxd7 43. Rxe5 Rxg2 44. Rd5 Be6 45. Rd1 h3 46. Rh1 Kf6 47. f4 Kg7 48. Kf3 Bf5 49. Ke3 Kh6 50. Kf3 Kh5 51. Ra1 Bg4+ 52. Ke3 Re2+ 53. Kd3 Kh4 54. Rg1 Rg2 55. Ra1 h2 56. Ke3 Kg3 57. Ra3 Bf3 58. Ra5 h1=Q 59. Rg5+ Kh4 0-1


[Site "https://www.chess.com"]

[Event "Titled Tuesday Blitz February 21 Late 2023"]
[White "Salimova, Nurgyul"]
[Black "Uzcategui Rodriguez, Alejandro"]
[WhiteFideId "2915138"]
[BlackFideId "3903400"]
[WhiteElo "2391"]
[BlackElo "2255"]
[Result "1-0"]
[Round "01"]
[TimeControl "180+2"]
[Date "2023.02.21"]
[WhiteClock "0:00:23"]
[BlackClock "0:01:20"]

1. d4 Nf6 2. Nf3 e6 3. Bg5 Be7 4. Nbd2 b6 5. e3 Bb7 6. Bd3 c5 7. c3 O-O 8. Qe2 Nc6 9. h4 cxd4 10. exd4 d6 11. O-O-O a6 12. Kb1 b5 13. Bxf6 Bxf6 14. Ng5 h6 15. Nh7 Re8 16. Nxf6+ Qxf6 17. Ne4 Qe7 18. g4 b4 19. g5 bxc3 20. bxc3 Na5 21. gxh6 g6 22. h5 Rab8 23. Ka1 Bxe4 24. Bxe4 d5 25. h7+ Kg7 26. Bc2 Qa3 27. Qe5+ f6 28. h8=Q+ Rxh8 29. Qc7+ Kh6 30. hxg6+ Kg5 31. Rdg1# 1-0


[Site "https://www.chess.com"]

[Event "Titled Tuesday Blitz February 21 Late 2023"]
[White "Droin, Augustin"]
[Black "Koziorowicz, Michal"]
[WhiteFideId "45105987"]
[BlackFideId "21809194"]
[WhiteElo "2436"]
[BlackElo "2307"]
[Result "1-0"]
[Round "01"]
[TimeControl "180+2"]
[Date "2023.02.21"]
[WhiteClock "0:00:48"]
[BlackClock "0:00:02"]

1. e4 e6 2. d4 d5 3. Nc3 Bb4 4. Ne2 dxe4 5. a3 Bxc3+ 6. Nxc3 Nf6 7. Bg5 h6 8. Bxf6 Qxf6 9. Nxe4 Qe7 10. Qd3 b6 11. O-O-O Bb7 12. Be2 Nd7 13. Bf3 O-O-O 14. Kb1 Ne5 15. Qe3 Nxf3 16. gxf3 Rd7 17. Rhg1 g6 18. Qf4 Rhd8 19. c3 h5 20. Rde1 Rd5 21. Rg5 Rxg5 22. Nxg5 Rd5 23. h4 Rf5 24. Qg3 Qf6 25. Re3 a5 26. Ne4 Bxe4+ 27. fxe4 Rxf2 28. Ka2 Rf4 29. Qe1 Qxh4 30. Qe2 Kb7 31. d5 exd5 32. exd5 Qg5 33. Qb5 Rf5 34. Qc6+ Ka6 35. Re8 Rxd5 36. Ra8# 1-0


[Site "https://www.chess.com"]

[Event "Titled Tuesday Blitz February 21 Late 2023"]
[White "Nasuta, Grzegorz"]
[Black "Carrasco Miranda, Andres"]
[WhiteFideId "1141686"]
[BlackFideId "3405990"]
[WhiteElo "2552"]
[BlackElo "2240"]
[Result "1-0"]
[Round "01"]
[TimeControl "180+2"]
[Date "2023.02.21"]
[WhiteClock "0:00:40"]
[BlackClock "0:00:09"]

1. e4 c5 2. Nf3 d6 3. Bb5+ Nd7 4. O-O Nf6 5. Re1 a6 6. Bf1 g6 7. c3 Bg7 8. d4 cxd4 9. cxd4 e5 10. Nc3 O-O 11. Be3 b5 12. dxe5 dxe5 13. a4 b4 14. Nd5 Nxd5 15. Qxd5 Rb8 16. Red1 Qf6 17. Rac1 Nb6 18. Qa5 Bg4 19. Qxa6 Bxf3 20. gxf3 h5 21. b3 h4 22. a5 Qxf3 23. axb6 Qg4+ 24. Kh1 h3 25. Qe2 Qxe4+ 26. f3 Qh4 27. Qf2 Qh5 28. Qg3 f5 29. Qxh3 Qxh3 30. Bxh3 f4 31. Be6+ Kh7 32. Bc5 Rfc8 33. Bxc8 Rxc8 1-0


[Site "https://www.chess.com"]

[Event "Titled Tuesday Blitz February 21 Late 2023"]
[White "Nunez V, Gustavo Eduardo"]
[Black "Dourerassou, Jonathan"]
[WhiteFideId "4403690"]
[BlackFideId "628050"]
[WhiteElo "2212"]
[BlackElo "2414"]
[Result "0-1"]
[Round "01"]
[TimeControl "180+2"]
[Date "2023.02.21"]
[WhiteClock "0:01:18"]
[BlackClock "0:02:06"]

1. e4 c5 2. c3 Nf6 3. Qc2 b6 4. g3 Bb7 5. Bg2 e6 6. Ne2 d5 7. e5 Nfd7 8. d4 Nc6 9. O-O Rc8 10. Qd1 Ba6 11. Re1 cxd4 12. cxd4 Bb4 13. Bd2 Bxe2 14. Rxe2 Nxd4 15. Bxb4 Rc1 16. Re1 Rxd1 17. Rxd1 Nc2 18. Bd6 Nxa1 19. Na3 Qc8 20. Rxa1 f6 21. f4 Kf7 22. Nb5 Qc4 23. Bf1 Qc2 24. exf6 Nxf6 25. Re1 Ne4 26. Be2 Nxd6 27. Nxd6+ Ke7 28. Nf5+ Qxf5 0-1


[Site "https://www.chess.com"]

[Event "Titled Tuesday Blitz February 21 Late 2023"]
[White "Korchmar, Vasiliy"]
[Black "Haszon, David"]
[WhiteFideId "24131750"]
[BlackFideId "733610"]
[WhiteElo "2438"]
[BlackElo "2264"]
[Result "0-1"]
[Round "01"]
[TimeControl "180+2"]
[Date "2023.02.21"]
[WhiteClock "0:00:01"]
[BlackClock "0:00:06"]

1. e4 e5 2. Nf3 Nc6 3. Bc4 Bc5 4. c3 Nf6 5. d3 d6 6. Bg5 h6 7. Bh4 g5 8. Bg3 Qe7 9. Nbd2 Be6 10. O-O h5 11. h4 g4 12. Ng5 Nh7 13. Nxh7 Rxh7 14. b4 Bb6 15. a4 a5 16. Bxe6 Qxe6 17. b5 Ne7 18. Nc4 f5 19. exf5 Nxf5 20. Nxb6 cxb6 21. d4 O-O-O 22. dxe5 dxe5 23. Qe2 Nxg3 24. fxg3 Rhd7 25. Rae1 Rd2 26. Qxe5 Qxe5 27. Rxe5 Ra2 28. Rf7 Rxa4 29. Ree7 Rc4 30. Rxb7 Rxc3 31. Rxb6 Rd1+ 32. Kh2 Rcc1 33. Rc6+ Rxc6 34. bxc6 Rd5 35. Ra7 Kb8 36. c7+ Kc8 37. Kg1 Rf5 38. Kh1 Re5 39. Kh2 Rd5 40. Kg1 Rf5 41. Kh2 Re5 42. Kh1 Rd5 43. Ra8+ Kxc7 44. Kg1 Rf5 45. Ra6 Kb7 46. Rd6 a4 47. Rd4 Ra5 48. Kf2 a3 49. Rd1 a2 50. Ra1 Ra3 51. Ke2 Kc6 52. Kd2 Kd5 53. Kc2 Ke4 54. Kb2 Ra5 55. Re1+ Kd3 56. Ka1 Kd2 57. Re6 Kc3 58. Rg6 Kb3 59. Rg5 Ra6 60. Rxh5 Re6 61. Rb5+ Ka4 62. Rg5 Ka3 0-1


[Site "https://www.chess.com"]

[Event "Titled Tuesday Blitz February 21 Late 2023"]
[White "Battlecruiser_Operational"]
[Black "Javakhadze, Zurab"]
[BlackFideId "13603647"]
[WhiteElo "2290"]
[BlackElo "2459"]
[Result "0-1"]
[Round "01"]
[TimeControl "180+2"]
[Date "2023.02.21"]
[WhiteClock "0:00:13"]
[BlackClock "0:02:13"]

1. d4 d5 2. Nf3 e6 3. Bg5 Be7 4. Bxe7 Qxe7 5. Nbd2 Nf6 6. e3 O-O 7. Bd3 c5 8. c3 Nc6 9. Ne5 Nxe5 10. dxe5 Nd7 11. f4 f6 12. exf6 Rxf6 13. O-O e5 14. Re1 c4 15. fxe5 Nxe5 16. Be2 Bf5 17. Nf3 Nd3 18. Bxd3 Bxd3 19. Qd2 Raf8 20. Qf2 Qe4 21. Qg3 h6 22. Kh1 Rxf3 23. gxf3 Rxf3 24. Qg2 Qf5 25. Rg1 g5 26. Qg4 Be4 27. Rg2 Qxg4 28. Rxg4 Rf1# 0-1


[Site "https://www.chess.com"]

[Event "Titled Tuesday Blitz February 21 Late 2023"]
[White "Oro, Faustino"]
[Black "Nilsen, Tobias Lang"]
[WhiteFideId "20000197"]
[BlackFideId "1521624"]
[WhiteElo "2269"]
[BlackElo "2247"]
[Result "0-1"]
[Round "01"]
[TimeControl "180+2"]
[Date "2023.02.21"]
[WhiteClock "0:00:07"]
[BlackClock "0:00:16"]

1. e4 e6 2. d4 d5 3. Nd2 a6 4. Ngf3 Nf6 5. e5 Nfd7 6. c3 c5 7. Bd3 Nc6 8. O-O g5 9. dxc5 g4 10. Nd4 Ndxe5 11. Bc2 Bxc5 12. N2b3 Bd6 13. Re1 Qf6 14. Qe2 Bd7 15. Nxc6 Nxc6 16. Be3 O-O-O 17. Nd4 e5 18. Nxc6 Bxc6 19. Rad1 h5 20. Bb6 Rde8 21. Bb3 d4 22. Qc4 Rhf8 23. cxd4 exd4 24. Bxd4 Qf4 25. Rxe8+ Rxe8 26. Be3 Qxh2+ 27. Kf1 Qxg2+ 28. Ke1 Rxe3+ 29. Kd2 Qxf2+ 30. Kc1 Qf4 31. Kb1 Qxc4 32. Bxc4 Kc7 33. a3 g3 34. Rf1 g2 35. Rxf7+ Kb6 0-1


[Site "https://www.chess.com"]

[Event "Titled Tuesday Blitz February 21 Late 2023"]
[White "Van Dael, Siem"]
[Black "EREBUNI91"]
[WhiteFideId "1049771"]
[WhiteElo "2319"]
[BlackElo "2753"]
[Result "0-1"]
[Round "01"]
[TimeControl "180+2"]
[Date "2023.02.21"]
[WhiteClock "0:01:41"]
[BlackClock "0:00:14"]

1. e4 c5 2. Nf3 d6 3. d4 cxd4 4. e5 dxe5 5. c3 Nc6 6. Bb5 Bg4 7. h3 Bh5 8. O-O Qd5 9. Bxc6+ bxc6 10. g4 Bg6 11. cxd4 exd4 12. Nxd4 Rd8 13. Be3 e5 14. Nc3 Qd7 15. Nb3 Qc7 16. Qf3 Nf6 17. Rac1 e4 18. Qe2 h5 19. g5 Nd5 20. Nxe4 Bxe4 21. Bd4 Qf4 22. f3 Qg3+ 23. Kh1 Qxh3+ 24. Kg1 Qg3+ 25. Kh1 Bd6 26. fxe4 Qh3+ 27. Kg1 Nf4 28. Qf3 Qxf3 29. Rxf3 Ne2+ 30. Kg2 Nxc1 31. Nxc1 O-O 32. e5 Be7 33. Bc3 Bxg5 34. Rf5 Bxc1 35. Rxh5 Bd2 36. Kf3 Bxc3 37. bxc3 Rd3+ 38. Ke4 Rxc3 39. e6 fxe6 40. Ra5 Rc4+ 41. Ke3 Rf5 42. Rxa7 Rcc5 43. a4 Ra5 44. Rc7 Rxa4 45. Rxc6 Rf6 46. Rb6 Raf4 47. Rb1 R4f5 48. Ke4 g5 49. Rg1 Kg7 50. Rb1 Kg6 51. Rb8 g4 52. Rg8+ Kh5 53. Rg7 Kh4 54. Rg8 g3 55. Ke3 Rg5 56. Rh8+ Kg4 57. Rh1 g2 58. Ra1 Kg3 59. Ke2 Rf1 60. Ra5 Rxa5 61. Ke3 g1=Q+ 62. Ke2 Qf2+ 63. Kd3 Ra3+ 64. Kc4 Rc1+ 65. Kb5 Qb2# 0-1


[Site "https://www.chess.com"]

[Event "Titled Tuesday Blitz February 21 Late 2023"]
[White "Leiva, Gianmarco"]
[Black "Krzywda, Andrzej"]
[WhiteFideId "3804399"]
[BlackFideId "1114565"]
[WhiteElo "2392"]
[BlackElo "2223"]
[Result "1-0"]
[Round "01"]
[TimeControl "180+2"]
[Date "2023.02.21"]
[WhiteClock "0:00:04"]
[BlackClock "0:00:04"]

1. e4 c5 2. Nf3 Nc6 3. Bb5 a6 4. Bxc6 dxc6 5. O-O Qc7 6. a4 e5 7. a5 Bd6 8. d3 Ne7 9. Nbd2 f6 10. Nc4 Be6 11. Nxd6+ Qxd6 12. b3 O-O 13. Ba3 Rfe8 14. Qd2 Bg4 15. Ne1 Ng6 16. Qe3 Nf4 17. f3 Bd7 18. Bxc5 Qe6 19. Ra4 g5 20. Rb4 Bc8 21. g3 Ng6 22. Ng2 Qh3 23. Qd2 Kh8 24. Ne3 Rg8 25. Kh1 Qh5 26. Nf5 Qh3 27. Ne3 Qh5 28. Rf2 Rg7 29. d4 Bh3 30. d5 Rd8 31. c4 g4 32. fxg4 Bxg4 33. Nf5 Bxf5 34. Rxf5 Qg4 35. Qe3 cxd5 36. cxd5 Nh4 37. Rf1 Ng6 38. Rxb7 Rxb7 39. b4 Rbd7 40. Rxf6 Qd1+ 41. Kg2 Qc2+ 42. Rf2 Qa4 43. Qg5 Qb5 44. Be7 Qd3 45. Qf6+ Kg8 46. Qf7+ Kh8 47. Bf6# 1-0


[Site "https://www.chess.com"]

[Event "Titled Tuesday Blitz February 21 Late 2023"]
[White "Li, Hui"]
[Black "Zarubitski, Viachaslau"]
[WhiteFideId "15400310"]
[BlackFideId "13509373"]
[WhiteElo "1963"]
[BlackElo "2423"]
[Result "1/2-1/2"]
[Round "01"]
[TimeControl "180+2"]
[Date "2023.02.21"]
[WhiteClock "0:00:04"]
[BlackClock "0:00:04"]

1. e4 e5 2. Nf3 Nf6 3. Nxe5 d6 4. Nf3 Nxe4 5. d4 d5 6. Bd3 Bd6 7. O-O O-O 8. c4 c6 9. Qc2 Re8 10. Nc3 Bf5 11. Re1 Nd7 12. Bg5 f6 13. Bh4 Bg6 14. Nxe4 dxe4 15. Bxe4 Rxe4 16. Rxe4 Qa5 17. Qe2 Bxe4 18. Qxe4 Nf8 19. Bg3 Bxg3 20. hxg3 Rd8 21. a3 Qa4 22. Qe2 Qb3 23. Rc1 a5 24. Qc2 Qb6 25. Qc3 a4 26. c5 Qb5 27. Qc4+ Qxc4 28. Rxc4 Ra8 29. d5 cxd5 30. Rd4 Ne6 31. Rxd5 Rc8 32. Nd4 Rxc5 33. Rxc5 Nxc5 34. Kf1 Nd3 35. b3 axb3 36. Nxb3 Kf7 37. Ke2 Ne5 38. Nc5 b6 39. Ne4 Ke6 40. f3 Kd5 41. Nc3+ Kc4 42. Na4 Kb5 43. Nc3+ Kc5 44. Na4+ Kc6 45. g4 b5 46. Nb2 Kc5 47. Kd2 Nc4+ 48. Kc3 Nxa3 49. Nd3+ Kb6 50. Kb4 Nc4 51. Nc5 Nd6 52. Ne6 g6 53. Nf8 h5 54. Nxg6 hxg4 55. fxg4 Kc6 56. Ne7+ Kd7 57. Nd5 Ke6 58. Nc7+ Ke5 59. Kc5 Ne4+ 60. Kxb5 Nf2 61. Ne8 Nxg4 62. Nxf6 Nxf6 63. g4 Kf4 64. g5 Kxg5 1/2-1/2


[Site "https://www.chess.com"]

[Event "Titled Tuesday Blitz February 21 Late 2023"]
[White "Trost, Edvin"]
[Black "Vaglio Mattey, Emanuel"]
[WhiteFideId "1729519"]
[BlackFideId "6504167"]
[WhiteElo "2399"]
[BlackElo "2155"]
[Result "1-0"]
[Round "01"]
[TimeControl "180+2"]
[Date "2023.02.21"]
[WhiteClock "0:01:07"]
[BlackClock "0:00:08"]

1. Nf3 g6 2. g3 Bg7 3. Bg2 d6 4. O-O Nc6 5. d4 Bg4 6. d5 Bxf3 7. exf3 Nd4 8. c3 Nf5 9. Qb3 Rb8 10. Qa4+ b5 11. Qxa7 Nf6 12. f4 O-O 13. Qa5 b4 14. Qa4 bxc3 15. Nxc3 Nd7 16. Qd1 Nc5 17. Re1 e5 18. dxe6 fxe6 19. Ne4 Nxe4 20. Rxe4 Nd4 21. Rxd4 Bxd4 22. Qxd4 c5 23. Qe4 Qd7 24. b3 d5 25. Qe5 Rbc8 26. Bh3 Rfe8 27. Bb2 d4 28. Re1 Kf7 29. b4 Qd5 30. bxc5 Rxc5 31. Bxd4 Qxe5 32. Rxe5 Rxe5 33. Bxe5 Ra8 34. Bg4 Rxa2 35. h4 h5 36. Bf3 Ra3 37. Kg2 Ra4 38. Bc6 Rc4 39. Bb5 Rb4 40. Bd3 Rb3 41. Be2 Ra3 42. Bf3 Rb3 43. Bc6 Rb6 44. Bf3 Rb3 45. g4 hxg4 46. Bxg4 Rb4 47. Kg3 Rb3+ 48. f3 Rb1 49. Bd4 Rd1 50. Be5 Rg1+ 51. Kh2 Rb1 52. Bh3 Rc1 53. Bg2 Rd1 54. Kg3 Rg1 55. Kf2 Rc1 56. Bf1 Rc2+ 57. Be2 Rc1 58. Bf1 Rc2+ 59. Kg3 Rc1 60. Bg2 Rg1 61. Bc7 Rc1 62. Bd8 Rg1 63. Bg5 Rc1 64. Bh3 Rg1+ 65. Kf2 Rb1 66. Bg4 Rb2+ 67. Ke3 Rb3+ 68. Ke4 Rb4+ 69. Ke5 Rb5+ 70. Kd6 Rd5+ 71. Kc6 Rd1 72. Kc5 Rc1+ 73. Kd4 Rd1+ 74. Ke3 Re1+ 75. Kf2 Rh1 76. Kg2 Rb1 77. Kg3 Rg1+ 78. Kh2 Rb1 79. h5 gxh5 80. Bxh5+ Kg7 81. Kg3 Rb5 82. Kf2 Rb3 83. Bg4 Kf7 84. Kg3 Rb5 85. Bd8 Rd5 86. Bc7 Rc5 87. Be5 Ra5 88. Kf2 Ra3 89. Bd4 Rd3 90. Be5 Ra3 91. Kg2 Ra5 92. Kg3 Rb5 93. Bh5+ Ke7 94. Kg4 Rb1 95. Kg5 Rg1+ 96. Bg4 Re1 97. Kg6 Re2 98. Kg7 Rg2 99. Bd4 Rg3 100. Bc5+ Kd7 101. Kf6 Kc6 102. Bd4 Kd5 103. Be5 Rg1 104. Bxe6+ Kc6 105. f5 Re1 106. f4 Re2 107. Bf7 Re3 108. Bg6 Rg3 109. Kg7 Kd7 110. f6 Rg4 111. f7 Rg1 112. f8=Q Rd1 113. Bf5+ Kc6 114. Qc8+ Kb6 115. Qc7+ Ka6 116. Qc6+ Ka7 117. Qc5+ Ka6 118. Bc8# 1-0


[Site "https://www.chess.com"]

[Event "Titled Tuesday Blitz February 21 Late 2023"]
[White "Coelho, Ramyres Santana"]
[Black "Fus, Jakub"]
[WhiteFideId "2120690"]
[BlackFideId "1193023"]
[WhiteElo "1981"]
[BlackElo "2417"]
[Result "1/2-1/2"]
[Round "01"]
[TimeControl "180+2"]
[Date "2023.02.21"]
[WhiteClock "0:00:23"]
[BlackClock "0:00:14"]

1. e4 c5 2. Nf3 d6 3. d4 cxd4 4. Nxd4 Nf6 5. Nc3 a6 6. f3 e5 7. Nb3 Be6 8. Be3 h5 9. Qd2 Nbd7 10. O-O-O Rc8 11. h3 h4 12. f4 exf4 13. Bxf4 Ne5 14. Bxe5 dxe5 15. Qxd8+ Rxd8 16. Rxd8+ Kxd8 17. Na5 Kc7 18. Nc4 Bb4 19. Nxe5 Bxc3 20. bxc3 Nxe4 21. Bc4 Bxc4 22. Nxc4 Nxc3 23. Kb2 Ne4 24. Rf1 f6 25. Rf4 Nc5 26. Ne3 Nd7 27. Nf5 g5 28. Rc4+ Kb8 29. Nd6 Ne5 30. Rb4 b5 31. a4 Rd8 32. Ne4 Nc6 33. Rb3 Rd4 34. Nc5 b4 35. Nxa6+ Kb7 36. Nc5+ Kb6 37. Ne6 Re4 38. Nf8 Re2 39. Nd7+ Ka5 40. Nxf6 Rxg2 41. Ne4 Kxa4 42. Rd3 Ne5 43. Rd4 g4 44. hxg4 h3 45. Nc3+ Ka5 46. Rd5+ Kb6 47. Na4+ Kc6 48. Rxe5 Rxg4 49. Rh5 Rg3 50. Nc5 Re3 51. Nd3 Kd6 52. Nxb4 Ke6 53. Nd3 Kf6 54. Nf4 Rf3 55. Rxh3 Rxf4 56. Rb3 Ke6 57. Re3+ Kd6 58. Rb3 Kc5 59. Rc3+ Kb4 60. Rb3+ Kc4 61. Ra3 Rf2 62. Ra8 Rf3 63. Rc8+ Kb5 64. Rb8+ Kc4 65. Rd8 Rg3 66. Rc8+ Kb4 67. Rd8 Kc4 68. Rc8+ Kb4 69. c4 Rb3+ 70. Kc2 Rc3+ 71. Kd2 Rxc4 72. Rxc4+ Kxc4 1/2-1/2


[Site "https://www.chess.com"]

[Event "Titled Tuesday Blitz February 21 Late 2023"]
[White "Solon, Nathan"]
[Black "Sawyer, Bradley"]
[WhiteFideId "2017229"]
[BlackFideId "2023784"]
[WhiteElo "2306"]
[BlackElo "2172"]
[Result "1-0"]
[Round "01"]
[TimeControl "180+2"]
[Date "2023.02.21"]
[WhiteClock "0:00:12"]
[BlackClock "0:00:01"]

1. Nf3 c5 2. g3 g6 3. Bg2 Bg7 4. c4 Nc6 5. Nc3 d6 6. O-O e5 7. a3 a5 8. Ne1 Nge7 9. Nc2 Be6 10. Nd5 Rb8 11. Nce3 O-O 12. Rb1 b5 13. cxb5 Rxb5 14. Qa4 Nd4 15. Re1 Nec6 16. d3 Rb8 17. b4 axb4 18. axb4 cxb4 19. Nxb4 Nxb4 20. Rxb4 Rxb4 21. Qxb4 Qd7 22. Ba3 Rd8 23. Bb2 Nf5 24. Nd5 Ne7 25. Nxe7+ Qxe7 26. Rc1 Qa7 27. Ra1 Qb8 28. Bc3 Qxb4 29. Bxb4 d5 30. Ra7 h5 31. h4 e4 32. Be7 Bd4 33. Ra4 Rd7 34. Rxd4 Rxe7 35. dxe4 dxe4 36. Bxe4 Kg7 37. f3 Rc7 38. Kf2 Kf6 39. Bd3 Ra7 40. Rd6 Ra3 41. Rb6 Ra2 42. Rd6 Kg7 43. Rd4 Ra3 44. g4 hxg4 45. fxg4 Ra5 46. Kg3 Ra3 47. Kf4 Rb3 48. h5 gxh5 49. gxh5 Ra3 50. Re4 Ra5 51. Re5 Ra4+ 52. e4 Ra3 53. Rg5+ Kh6 54. Be2 Rh3 55. Rg8 Rh4+ 56. Ke3 Rh3+ 57. Kd4 Rh2 58. Bf3 Rh1 59. Bxh1 1-0


[Site "https://www.chess.com"]

[Event "Titled Tuesday Blitz February 21 Late 2023"]
[White "Sarkar, Justin"]
[Black "Bjelobrk, Igor"]
[WhiteFideId "2010011"]
[BlackFideId "4300726"]
[WhiteElo "2309"]
[BlackElo "2403"]
[Result "0-1"]
[Round "01"]
[TimeControl "180+2"]
[Date "2023.02.21"]
[WhiteClock "0:00:02"]
[BlackClock "0:00:54"]

1. d4 e6 2. c4 Bb4+ 3. Nd2 Nf6 4. Nf3 O-O 5. a3 Be7 6. e4 d6 7. Bd3 Nbd7 8. O-O c5 9. e5 Ng4 10. h3 Nh6 11. exd6 Bxd6 12. Ne4 Be7 13. Bxh6 gxh6 14. d5 f5 15. Ng3 Nb6 16. dxe6 Bxe6 17. Re1 Bd7 18. Ne5 Bc8 19. Qh5 Bg5 20. h4 Bxh4 21. Nxf5 Bxf5 22. Bxf5 Qg5 23. Be6+ Kg7 24. Qxg5+ Bxg5 25. g3 Rae8 26. Bg4 Bf6 27. f4 Bxe5 28. Rxe5 Rxe5 29. fxe5 Nxc4 30. e6 Ne5 31. Bh3 Nf3+ 32. Kh1 Nd4 0-1


[Site "https://www.chess.com"]

[Event "Titled Tuesday Blitz February 21 Late 2023"]
[White "Costachi, Mihnea"]
[Black "Kostiukov, Alexandr"]
[WhiteFideId "1217518"]
[BlackFideId "14108100"]
[WhiteElo "2476"]
[BlackElo "2271"]
[Result "1-0"]
[Round "01"]
[TimeControl "180+2"]
[Date "2023.02.21"]
[WhiteClock "0:00:26"]
[BlackClock "0:00:06"]

1. Nc3 g6 2. e4 c5 3. b3 Bg7 4. Bb2 Nc6 5. g3 e6 6. Bg2 Nge7 7. f4 O-O 8. Nf3 d5 9. d3 Nd4 10. O-O Rb8 11. Kh1 b5 12. Rb1 a6 13. Ne2 Nxe2 14. Qxe2 d4 15. h4 Bb7 16. Rbe1 Qa5 17. a3 Qc7 18. h5 Rbd8 19. Bc1 f6 20. g4 Kf7 21. g5 Qd7 22. Bh3 f5 23. Kh2 Rde8 24. Bd2 Nc6 25. Nh4 Qc7 26. Bg2 Bc8 27. Qf3 Bd7 28. Rh1 Kg8 29. hxg6 hxg6 30. Nxg6 Kf7 31. exf5 exf5 32. Nxf8 Rxf8 33. Qh5+ Kg8 34. g6 Rf6 35. Kg1 Qd6 36. Bf3 Ne7 37. Kf2 Rxg6 38. Rxe7 1-0


[Site "https://www.chess.com"]

[Event "Titled Tuesday Blitz February 21 Late 2023"]
[White "Rego, Pedro Filipe"]
[Black "Rorrer, Grayson"]
[WhiteFideId "1904310"]
[BlackFideId "30944996"]
[WhiteElo "2312"]
[BlackElo "2263"]
[Result "0-1"]
[Round "01"]
[TimeControl "180+2"]
[Date "2023.02.21"]
[WhiteClock "0:01:32"]
[BlackClock "0:01:23"]

1. e4 c6 2. d4 d5 3. e5 c5 4. Nf3 Nc6 5. dxc5 e6 6. Bb5 Bxc5 7. O-O Ne7 8. c3 O-O 9. Re1 Qb6 10. Qe2 Bxf2+ 11. Qxf2 Qxb5 12. a4 Qd3 13. Bf4 Ng6 14. Bg3 Bd7 15. Na3 a6 16. Rad1 Qf5 17. Nc2 Qh5 18. Ncd4 Nxd4 19. cxd4 Bxa4 20. Rc1 Rfc8 21. Qd2 Bb5 22. Qf2 Qf5 23. Qd2 Qd3 24. Re3 Qxd2 25. Rxc8+ Rxc8 26. Nxd2 Rc2 27. Nb3 Rxb2 28. Nc5 b6 29. Nb7 Bc4 30. Be1 a5 31. Nd6 Nf4 32. Rc3 Ne2+ 0-1


[Site "https://www.chess.com"]